zoologist, lawful female human Archeologist -------- --- ......<| . |......| ---------.| ##.......| |(.(|...|.| # -----.-- | |%.(|...|. #@# # |.. |...|.. |.| Y -+--.... ----(---|---.| ## ## | -+----+--.....................| ####### |.............{......{..........-####### | --+--+---.. - ----..)........| ## --- |.-----|---.| ## |. |....|.| |. |....|.| |. |....|.| - ------.| .| --- zoologist the Investigator Experience level: 7 Strength: 13 Dexterity: 11 Constitution: 15 Intelligence: 13 Wisdom: 17 Charisma: 8 Health: 0(44) Energy: 37(37) Def: 5 Gold: 83 Moves: 6060 Dungeon seed: RQZtsuOmE2RV96L5 Game ID: zoologist_1526880601 Your Inventory: Coins $ - 83 gold pieces Amulets h - a cursed amulet of change Weapons a - a +2 bullwhip (weapon in hand) o - 14 +0 daggers (in quiver) K - 2 cursed +0 darts Armor e - an uncursed +1 leather jacket (being worn) y - a cursed -1 oilskin cloak (being worn) M - a cursed -1 pair of gauntlets of fumbling (being worn) R - an uncursed +0 orcish helm (being worn) S - an uncursed +0 pair of iron shoes (being worn) Comestibles b - 5 uncursed food rations k - an uncursed pancake r - an uncursed slime mold V - an uncursed tin of rothe meat Scrolls U - an uncursed scroll of blank paper Potions p - an uncursed potion of levitation t - an uncursed potion of water X - a cursed potion of extra healing Rings i - an uncursed ring of cold resistance A - an uncursed ring of polymorph control Wands g - a cursed wand of striking (0:1) Tools d - a tinning kit (0:41) f - an uncursed sack v - a cursed tallow candle (0:200) x - a cursed magic lamp B - an uncursed tin whistle C - an uncursed stethoscope F - an uncursed oil lamp (0:49) Z - a blessed tallow candle (0:200) Gems c - an uncursed jacinth stone n - an uncursed worthless piece of yellow glass q - an uncursed touchstone s - an uncursed amethyst stone u - an uncursed worthless piece of blue glass H - an uncursed worthless piece of orange glass J - an uncursed worthless piece of red glass N - an uncursed worthless piece of violet glass P - an uncursed worthless piece of white glass W - an uncursed jet stone Y - an uncursed agate stone Spells and supernatural/magical abilities: Name Level Category Fail Memory W - pray for help -- divine ? -- Your skills at the end: Fighting Skills Weapon Skills pick-axe [Basic] whip [Expert] Spellcasting Skills Final Attributes: You were piously aligned. You fumbled. You were telepathic. You were stealthy. You were fast. You are dead. Vanquished creatures: a winter wolf cub a gnome king a werewolf a dust vortex a gnome mummy 2 imps 6 Uruk-hai a rock piercer 6 gnome lords 3 gnomish wizards 2 red naga hatchlings 2 elf zombies a paper golem 3 giant ants a floating eye 2 kittens 3 dwarves a homunculus 4 kobold lords a kobold shaman 3 rothes a rabid rat a centipede 3 giant bats 3 dwarf zombies 6 iguanas 2 killer bees an acid blob 2 coyotes a hobbit 2 manes 3 large kobolds 3 giant rats 3 cave spiders a yellow mold a green mold a red mold 25 gnomes 5 geckos 2 jackals 2 foxes 2 kobolds a sewer rat a grid bug 3 lichens 5 newts 126 creatures vanquished. Voluntary challenges: You were an atheist. You used a wielded weapon 240 times, starting on turn 9. You read items or engraved 29 times, starting on turn 12. You never genocided any monsters. You never polymorphed an object. You never changed form. You used no wishes. You never split a pudding. You wrote Elbereth's name 23 times, starting on turn 13. You violated your moral code, losing 28 points of alignment, starting on turn 414. Dungeon overview: The Dungeons of Doom: levels 1 to 6 Level 1 a long staircase Level 2 a general store, a fountain Level 3 a potion shop Level 4 a jewelry store, a fountain stairs to The Gnomish Mines Level 5 Level 6 The Gnomish Mines: levels 5 to 8 Level 5 stairs to The Dungeons of Doom Level 6 Level 7 Level 8 <- You were here a lighting shop, some fountains History has recorded: On T:1 you entered the Dungeons of Doom to retrieve the Amulet of Yendor! On T:343 you advanced to experience level 2. On T:358 you reached level 2 of The Dungeons of Doom. On T:414 you advanced to experience level 3. On T:450 you advanced to experience level 4. On T:1175 you reached level 3 of The Dungeons of Doom. On T:1839 you reached level 4 of The Dungeons of Doom. On T:2050 you advanced to experience level 5. On T:2509 you reached level 5 of The Dungeons of Doom. On T:3344 you reached level 6 of The Dungeons of Doom. On T:3560 you advanced to experience level 6. On T:3760 you reached level 1 of The Gnomish Mines. On T:5211 you reached level 2 of The Gnomish Mines. On T:5392 you advanced to experience level 7. On T:5465 you reached level 3 of The Gnomish Mines. On T:5721 you reached level 4 of The Gnomish Mines. Score breakdown: Gold: 83 ( 6545 points) Experience: 7 levels (13645 points) Exploration: 8 levels ( 16.33%) (11456 points) Discoveries: 24 items ( 8.05%) ( 8513 points) Valuables value: (no points given unless you survive) Artifact value: 0 ( 0 points) Variety of kills: 46 monsters ( 12.07%) (10424 points) Turncount: 6060 turns (-1638 points) Survival: died (score multiplied by 80%) Total score: 39156 Latest messages: The gnomish wizard casts a spell! The gnomish wizard looks better. There is an open door here. You see here a wax candle. You displace your horse. The horse picks up 2 food rations. Something's in the way. The horse drops 2 food rations. You slip and nearly fall. You make a lot of noise! You write in the dust with your fingers. The yeti hits! (2x) The yeti misses. The door resists! You trip over your own feet. You make a lot of noise! The yeti hits! (2x) The yeti bites! You slip and nearly fall. You make a lot of noise! The yeti hits! (2x) The yeti bites! The yeti hits! You die... Final status: Goodbye zoologist the Archeologist, killed by a yeti, while fumbling... You died in The Gnomish Mines on dungeon level 8 with 39156 points, and 83 pieces of gold, after 6060 moves. You were level 7 with a maximum of 44 hit points when you died.